 Adventure DCSS version bcrawl-1.27.3 (webtiles) character file.

Game seed: 14969255164161654128

116012 galech the Skirmisher (level 3, 29/29 HPs)
             Began as a Demonspawn Fighter on July 31, 2020.
             Quit the game on level 3 of the Dungeon.
             The game lasted 00:01:44 (1759 turns).

galech the Skirmisher (Demonspawn Fighter)          Turns: 1759, Time: 00:01:45

Health: 29/29      AC:  6    Str: 16    XL:     3   Next: 89%
Magic:  3/3        EV:  5    Int:  9    God:
Gold:   149        SH:  9    Dex: 14    Spells: 2/2 levels left
                                        Lives:  1   Deaths: 1

rFire    . . .     SeeInvis .   a - +0 war axe
rCold    . . .     Gourm    .   c - +0 medium shield
rNeg     . . .     Faith    .   b - +0 scale mail
rPois    .         Spirit   .   (helmet restricted)
rElec    .         Reflect  .   (no cloak)
rCorr    .         Harm     .   (no gloves)
MR       .....                  (no boots)
Stlth    ..........             (no amulet)
HPRegen  0.09/turn              (no ring)
MPRegen  0.08/turn              (no ring)

@: no status effects
A: horns 1, sanguine armour 1
a: no special abilities


You were on level 3 of the Dungeon.
You were not hungry.

You visited 1 branch of the dungeon, and saw 3 of its levels.

You collected 149 gold pieces.

Inventory:

Hand Weapons
 a - a +0 war axe (weapon)
Armour
 b - a +0 scale mail (worn)
 c - a +0 medium shield (worn)
Scrolls
 g - a scroll of teleportation {unknown}
Potions
 f - a potion of curing {unknown}
 h - a potion of flight {unknown}
 i - a potion of haste {unknown}
 j - 3 potions of heal wounds {unknown}
 k - a potion of lignification {unknown}
Comestibles
 e - 5 rations {!d}


   Skills:
 + Level 3.5 Fighting
 + Level 3.1 Axes
 + Level 3.2 Armour
 + Level 0.7 Dodging
 + Level 0.2 Stealth
 + Level 3.3 Shields


You had 2 spell levels left.
You didn't know any spells.
Your spell library was empty.

Dungeon Overview and Level Annotations

Branches:
Dungeon (3/12)

Altars:
Lugonu
Makhleb
Nemelex Xobeh


Innate Abilities, Weirdness & Mutations

You have a pair of small horns on your head.
When seriously injured, your bleeding wounds create armour. (AC +0)


Message History

You miss the quokka. You block the orc's attack. x2
You block the quokka's attack.
The orc priest invokes the aid of Beogh against you.
Beogh smites you!
* * * LOW HITPOINT WARNING * * *
The orc hits you.
* * * LOW HITPOINT WARNING * * *
You block the orc's attack.
The quokka bites you but does no damage.
There is a stone staircase leading up here.
Wield which item (- for none, * to show all)? (? for menu, Esc to quit)
Okay, then.
The orc hits you but does no damage. You block the quokka's attack.
The orc priest invokes the aid of Beogh against you.
Beogh smites you!
You stop ascending the stairs.
You die...
Xom reaches out...
You are now level 3!
You rejoin the land of the living...
Are you sure you want to abandon this character and quit the game? (Confirm with "yes".)

#########
........#
.......@#
........#
........#
........#
........#
........#
........#
........#


There were no monsters in sight!

Vanquished Creatures
  A scorpion (D:2)
  A bullfrog skeleton (D:2)
  An ooze (D:2)
  4 worms
  4 dart slugs
  2 leopard geckos (D:2)
  4 bats
  A giant cockroach (D:2)
  3 goblins
  2 hobgoblins (D:1)
  2 kobolds (D:1)
  A ball python (D:2)
  3 frilled lizards
  4 rats
33 creatures vanquished.

Notes
Turn   | Place    | Note
-------+----------+-------------------------------------------
     0 | D:1      | galech the Demonspawn Fighter began the quest for the Orb.
     0 | D:1      | Reached XP level 1. HP: 18/18 MP: 1/1
   147 | D:1      | Gained mutation: When seriously injured, your bleeding
                  | wounds create armour. (AC +0) [demonic ancestry]
   147 | D:1      | Reached XP level 2. HP: 24/24 MP: 2/2
   879 | D:2      | Reached XP level 3. HP: 18/29 MP: 3/3
   945 | D:2      | Found a sparkling altar of Nemelex Xobeh.
   966 | D:2      | Found a burning altar of Makhleb.
   979 | D:2      | Noticed a scorpion
   983 | D:2      | Killed a scorpion
   983 | D:2      | Gained mutation: You have a pair of small horns on your
                  | head. [demonic ancestry]
   983 | D:2      | Reached XP level 4. HP: 35/35 MP: 4/4
  1239 | D:2      | Found a corrupted altar of Lugonu.
  1758 | D:3      | Killed from afar by an orc priest
  1759 | D:3      | Reached XP level 3. HP: -3/29 MP: 3/3
  1759 | D:3      | Quit the game

Skill      XL: |  1  2  3  4 |
---------------+-------------+-----
Shields        | 3 |  3.3
Axes           | 2 3 |  3.1
Armour         | 3 |  3.2
Fighting       | |  3.5
Dodging        | |  0.7
Stealth        | |  0.2

Action                   |  1- 3 |  4- 6 || total
-------------------------+-------+-------++-------
Melee: War axe           |    37 |    53 ||    90
       Hand axe          |    35 |       ||    35
       Headbutt          |       |     8 ||     8
  Use: Scroll            |     3 |       ||     3
       Potion            |     1 |       ||     1
  Eat: Chunk             |     2 |     5 ||     7
Armor: Scale mail        |    34 |    30 ||    64
Dodge: Dodged            |    16 |     9 ||    25
Block: Medium shield     |    32 |    28 ||    60
